 Dungeon Crawl Stone Soup version 0.27.1-1-g398f81649c (webtiles) character file.

Game seed: 14655162780996264889

577 Descartes the Ruffian (level 7, -3/99 HPs)
             Began as a Troll Delver on Sept 8, 2021.
             Succumbed to a scorpion's poison
             ... on level 5 of the Dungeon.
             The game lasted 00:02:13 (938 turns).

Descartes the Ruffian (Troll Delver)                 Turns: 938, Time: 00:02:14

Health: -3/99      AC: 23    Str: 21    XL:     7   Next: 13%
Magic:  6/6        EV:  1    Int:  6    God:
Gold:   113        SH:  0    Dex: 13    Spells: 6/6 levels left

rFire    . . .     SeeInvis .     - Unarmed
rCold    . . .     Faith    .   (no shield)
rNeg     + + +     Spirit   .   (armour currently unavailable)
rPois    +         Reflect  .   (helmet currently unavailable)
rElec    .         Harm     .   (cloak currently unavailable)
rCorr    .         Rampage  .   (gloves unavailable)
Will     .....     NoTele   +   (boots unavailable)
Stlth    ++........             (no amulet)
HPRegen  1.26/turn              (no ring)
MPRegen  0.10/turn              (no ring)

@: lethally poisoned (-3 -> -18), tree-form
A: stationary, stasis, torment immunity, boosted hp, large, unfitting armour,
(claws 3), regeneration 1, (shaggy fur 1), (tough skin 1)
a: no special abilities


You were on level 5 of the Dungeon.
You were a tree.
You visited 1 branch of the dungeon, and saw 2 of its levels.

You collected 113 gold pieces.

Inventory:

Hand Weapons
 m - a +4 quarterstaff of chaos
 o - the +7 mace "Zualos" {spect, rC+}
   (You found it on level 5 of the Dungeon)

   When its wielder attacks, the weapon's spirit leaps out and strikes again.
   The spirit shares a part of any damage it takes with its wielder.
   rC:        It protects you from cold.
Missiles
 k - 7 silver javelins (quivered)
Armour
 a - a +0 robe (melded)
 n - a +0 cloak (melded)
Wands
 f - a wand of digging (3)
Scrolls
 b - a scroll of fog
 c - a scroll of magic mapping
 d - a scroll of fear
 h - a scroll of noise {unknown}
 j - a scroll of blinking {unknown}
Potions
 e - 2 potions of haste
 g - a potion of degeneration {unknown}
 l - a potion of lignification


   Skills:
 - Level 2.4 Fighting
 + Level 4.7 Dodging
 - Level 2.7 Stealth
 + Level 5.7 Unarmed Combat


You had 6 spell levels left.
You didn't know any spells.
Your spell library was empty.

Dungeon Overview and Level Annotations

Branches:
Dungeon (6/15)
 Temple: D:4-7

Altars:
Elyvilon


Innate Abilities, Weirdness & Mutations

You are a tree.
Your roots penetrate the ground, keeping you stationary.
You cannot be teleported.
You are immune to unholy pain and torment.
Your maximum health is greatly increased.
Your equipment is partially melded.
You are too large for most types of armour.
((You have claws for hands.))
Your natural rate of healing is unusually fast.
((You are covered in fur. (AC +1)))
((You have tough skin. (AC +1)))


Message History

You feel very sick. The scorpion stings you.
You are more poisoned.
The scorpion poisons you!
You scratch the scorpion but do no damage.
The scorpion is heavily wounded.
You feel very sick. The scorpion closely misses you.
You scratch the scorpion but do no damage.
The scorpion is heavily wounded.
You feel very sick. The scorpion stings you.
You closely miss the scorpion.
The scorpion is heavily wounded.
You feel very sick. The scorpion barely misses you.
The scorpion stings you but does no damage.
You scratch the scorpion.
The scorpion is almost dead.
You feel sick. The scorpion stings you!
* * * LOW HITPOINT WARNING * * *
You are lethally poisoned!
The scorpion poisons you!
You scratch the scorpion but do no damage.
The scorpion is severely wounded.
* * * LOW HITPOINT WARNING * * *
You feel very sick. The scorpion stings you.
* * * LOW HITPOINT WARNING * * *
You are more poisoned.
The scorpion poisons you!
It was a potion of lignification.
You turn into a tree.
Your +0 cloak melds into your body.
Your +0 robe melds into your body.
Your roots penetrate the ground.
* * * LOW HITPOINT WARNING * * *
You feel extremely sick. The scorpion stings you.
* * * LOW HITPOINT WARNING * * *
It was a potion of flight.
Your roots keep you in place.
You die...

#.##.####.........#
#......#.......##.####
####.#.#.......##.....
#............######.
###..............##.).
#......#.......#.##.##
####.#.####.......#.##.#
#......s.........†#.##.#
#.##.##.♣##.#.##..#.##.#
#.##.##..##.........##.#
##.##..........##.#####.#
#.........#.......<# #.#
#..####...#....##..# #.#
#######..................####.#
##..........##..###..#.........#
#...####.##.##..###..#.##.######
....##...##.##.......#.##.#


You could see a scorpion.

Vanquished Creatures
  A black bear (D:5)
  A centaur (D:5)
  2 scorpions (D:5)
  A water moccasin skeleton (D:5)
  A wight (D:6)
  3 bullfrog zombies (D:5)
  A hound (D:5)
  Crazy Yiuf (D:5)
  A centaur skeleton (D:5)
  An adder (D:5)
  3 orcs (D:5)
16 creatures vanquished.

Notes
Turn   | Place    | Note
-------+----------+-------------------------------------------
     0 | D:5      | Descartes the Troll Delver began the quest for the Orb.
     0 | D:5      | Reached XP level 1. HP: 22/22 MP: 0/0
    50 | D:5      | Reached XP level 2. HP: 19/29 MP: 1/1
    50 | D:5      | Reached XP level 3. HP: 24/36 MP: 2/2
    86 | D:5      | Noticed a black bear
   127 | D:5      | Killed a black bear
   128 | D:5      | Reached skill level 3 in Unarmed Combat
   128 | D:5      | Reached XP level 4. HP: 26/44 MP: 3/3
   135 | D:5      | Reached skill level 4 in Unarmed Combat
   135 | D:5      | Reached XP level 5. HP: 27/50 MP: 4/4
   224 | D:5      | Reached XP level 6. HP: 52/59 MP: 5/5
   322 | D:5      | Reached skill level 5 in Unarmed Combat
   474 | D:5      | Found a white marble altar of Elyvilon.
   658 | D:5      | Found a runed translucent door.
   659 | D:5      | Noticed Crazy Yiuf
   836 | D:5      | Killed Crazy Yiuf
   837 | D:5      | Reached XP level 7. HP: 29/66 MP: 6/6
   840 | D:5      | Identified the +7 mace "Zualos" {spect, rC+}
   937 | D:5      | HP: 3/99 [poisoned by a scorpion]
   937 | D:5      | HP: 1/99 [scorpion (2)]
   938 | D:5      | Succumbed to a scorpion's poison

Illustrated notes

Levels and vault maps discovered:
D:5:      layout_loops_cross, nicolae_elyvilon_peaceful_grove,
          uniq_crazy_yiuf_cottage
D:6:      layout_layer_cave, minivault_19, uniq_maggie, uniq_blork_the_orc

Skill      XL: |  1  2  3  4  5  6 |
---------------+-------------------+-----
Dodging        | 2 3 4 |  4.7
Unarmed Combat | 3 4 5 |  5.7
Fighting       | |  2.4
Stealth        | |  2.7

Action                   |  1- 3 |  4- 6 |  7- 9 || total
-------------------------+-------+-------+-------++-------
Melee: Unarmed           |    14 |    60 |    14 ||    88
       Punch             |       |     2 |       ||     2
  Use: Potion            |       |       |     2 ||     2
 Stab: Sleeping          |       |     1 |       ||     1
Armor: Robe              |    12 |    14 |     1 ||    27
Dodge: Dodged            |    10 |    31 |     7 ||    48
